 Dungeon Crawl Stone Soup version 0.14.0-12-g87ee3b7 (webtiles) character file.

128 Flaco the Skirmisher (level 3, -1/33 HPs)
             Began as a Hill Orc Arcane Marksman on Apr 14, 2014.
             Succumbed to a giant mite's poison
             ... on Level 2 of the Dungeon on Apr 16, 2014.
             The game lasted 00:03:14 (1142 turns).

Flaco the Skirmisher (Hill Orc Arcane Marksman)     Turns: 1142, Time: 00:03:14

HP  -1/33        AC  8     Str 13      XL: 3   Next: 25%
MP   4/4         EV  5     Int 13      God:
Gold 96          SH  0     Dex 11      Spells:  1 memorised,  3 levels left

rFire  . . .     SeeInvis .     g - +0 whip
rCold  . . .     Clarity  .     h - +0 chain mail
rNeg   . . .     Conserve .     (no shield)
rPois  .         rCorr    .     (no helmet)
rElec  .         rRot     .     (no cloak)
SustAb . .       Spirit   .     (no gloves)
rMut   .         Warding  .     (no boots)
Saprov + . .     Stasis   .     (no amulet)
MR     .....                    (no ring)
                                (no ring)

@: lethally poisoned, not resistant to hostile enchantments, extremely
unstealthy
A: saprovore 1
a: no special abilities


You were on level 2 of the Dungeon.
You were not hungry.

You visited 1 branch of the dungeon, and saw 2 of its levels.

You collected 96 gold pieces.

Inventory:

Hand weapons
 g - a +0,+0 whip (weapon)
Missiles
 b - 5 javelins (quivered)
 c - 2 throwing nets
 i - 4 darts
 m - 2 tomahawks
Armour
 a - a +0 robe
 h - a +0 chain mail (worn)
Comestibles
 f - a meat ration
 r - a pear
 t - a bread ration
Scrolls
 e - 3 scrolls of identify {unknown}
 j - a scroll of noise {unknown}
 l - 3 scrolls of teleportation {unknown}
 o - a scroll of fear {unknown}
 p - a scroll of remove curse {unknown}
 x - a scroll of enchant weapon II {unknown}
Jewellery
 k - a cursed ring of hunger {unknown}
Potions
 n - a potion of magic
 s - a potion of restore abilities {unknown}
 u - a potion of degeneration {unknown}
 v - 2 potions of haste {unknown}
 w - a potion of might {unknown}
Books
 d - a book of Debilitation

   Spells                             Type                      Level
   *Corona                            Hexes                        1
   Slow                               Hexes                        2
   Inner Flame                        Hexes/Fire                   3
   Enslavement                        Hexes                        4
   Cause Fear                         Hexes                        4
   Leda's Liquefaction                Hexes/Earth                  4


   Skills:
 + Level 3.7 Fighting
 - Level 2.0 Throwing
 - Level 1.5 Dodging
 - Level 1.0 Spellcasting
 - Level 3.0 Hexes


You had 3 spell levels left.
You knew the following spells:

 Your Spells              Type           Power        Failure   Level  Hunger
a - Corona                Hex            #......      100%        1    ##.....


Dungeon Overview and Level Annotations

Branches:
Dungeon (2/15)

Altars:


Innate Abilities, Weirdness & Mutations

You can tolerate rotten meat.


Message History

You are lethally poisoned!
The giant mite poisons you!
Unknown command.
You barely miss the giant mite.
The giant mite is almost dead.
* * * LOW HITPOINT WARNING * * *
You feel sick. The giant mite bites you.
* * * LOW HITPOINT WARNING * * *
You are more poisoned.
The giant mite poisons you! The giant mite barely misses you.
You barely miss the giant mite.
The giant mite is almost dead.
* * * LOW HITPOINT WARNING * * *
You feel sick. The giant mite bites you.
* * * LOW HITPOINT WARNING * * *
You are more poisoned.
The giant mite poisons you!
Drink which item? (? for menu, Esc to quit)
Magic courses through your body.
It was a potion of magic.
You die...

##.# . ...# ... #..# # ...
###..#.# ... ....#.###s#
#.# #.......... ####.
###..........
#....####..g##.####.#
##.#.#.#@#.#.#.#.#.# #
#.....%..s........>#
#.#####.#.#.#.#.#.#.#.#.#
#..........................
..##.##.#.#.#.#.#.#.#.#.#
#..<.................
####.#.#.#.#.#.#.#.#.
############## ##


You could see a giant mite.

Vanquished Creatures
  An adder (D:2)
  An ooze (D:1)
  2 giant cockroaches
  4 goblins
  4 hobgoblins (D:1)
  2 kobolds (D:1)
  2 bats (D:1)
  2 giant newts (D:2)
18 creatures vanquished.

Notes
Turn   | Place    | Note
--------------------------------------------------------------
     0 | D:1      | Flaco, the Hill Orc Arcane Marksman, began the quest for the Orb.
     0 | D:1      | Reached XP level 1. HP: 16/16 MP: 2/2
   596 | D:1      | Reached XP level 2. HP: 13/25 MP: 3/3
   609 | D:1      | Upgraded the game from 0.14.0-9-g9c5475a to 0.14.0-12-g87ee3b7
  1126 | D:2      | Reached XP level 3. HP: 18/33 MP: 4/4
  1141 | D:2      | HP: 1/33 [giant mite (3)]
  1142 | D:2      | Succumbed to a giant mite's poison

Action                   || total
-------------------------++-------
Melee: Whip              ||   148
       Unarmed           ||    14
Throw: Javelin           ||     2
  Use: Potion            ||     1
